[Event "EYTCC Open U12 2018"]
[Site "Bad Blankeburg"]
[Date "2018.07.16"]
[Round "7"]
[White "Eilenberg, Jonas"]
[Black "Patole, Noam"]
[Result "1-0"]
[ECO "A48"]
[WhiteElo "1910"]
[BlackElo "1981"]
[Annotator "NA"]
[PlyCount "89"]
[EventDate "2018.07.12"]
[EventType "swiss"]
[EventCountry "GER"]
[SourceTitle "playchess.com"]
[Source "ChessBase"]
[SourceQuality "1"]
[TimeControl "40/5400+30:1800+30"]

1. d4 Nf6 2. Nf3 g6 3. Nbd2 d5 4. b4 Bg7 {[%emt 0:05:49] LiveBook: 69 Games} 5. e3 c6 6. c4 O-O 7. Be2 Re8 8. O-O Nbd7 9. Bb2 dxc4 {[%emt 0:00:42] A48: 1 d4 Nf6 2 Nf3 g6: Torre, London and Colle Systems} 10. Nxc4 (10. Bxc4 Nb6 11. Bb3 Nbd5 12. a3 h6 13. e4 Nc7 14. Ne5 Be6 15. Bxe6 Nxe6 16. Qb3 Nh5 17. Ndf3 {1-0 (41) Parligras,M (2581)-Sanal,V (2450) Golden Sands 2014}) 10... Nd5 11. a3 N7f6 12. Rc1 $146 ({Predecessor:} 12. Ncd2 Nd7 13. Qb3 a6 14. Rac1 e5 15. dxe5 Nxe5 16. Nxe5 Bxe5 17. Nf3 Bxb2 18. Qxb2 {½-½ (45) Holz auf der Heide,G-Reichardt,R Leipzig 1995}) 12... Nb6 13. Nce5 Ng4 14. Nxf7 $1 Qd5 15. N7e5 Nxe5 16. Nxe5 Bxe5 17. dxe5 Qxd1 18. Rfxd1 Be6 19. Bd4 Kg7 20. f4 Rf8 21. g4 Nd5 $18 22. Kg2 a5 23. b5 cxb5 24. Bxb5 Bxg4 25. Rd2 Be6 26. Kg3 Rac8 27. Rdc2 Rxc2 28. Rxc2 Rc8 29. Rxc8 Bxc8 30. e4 Nc7 31. Bd3 Na8 32. f5 e6 33. Kf4 exf5 34. exf5 gxf5 35. Bxf5 Bxf5 36. Kxf5 b5 37. Ke6 Nc7+ 38. Kd7 Nd5 39. e6+ Kf8 40. e7+ Nxe7 41. Bc5 Kg7 42. Bxe7 Kg6 43. Kc6 b4 44. Bxb4 axb4 45. axb4 1-0

[Event "EYTCC Open U12 2018"]
[Site "Bad Blankeburg"]
[Date "2018.07.16"]
[Round "7"]
[White "Bui, Bao Anh Le"]
[Black "Maurizzi, Marc Andria"]
[Result "1/2-1/2"]
[ECO "B32"]
[WhiteElo "1883"]
[BlackElo "2155"]
[Annotator "NA"]
[PlyCount "124"]
[EventDate "2018.07.12"]
[EventType "swiss"]
[EventCountry "GER"]
[SourceTitle "playchess.com"]
[Source "ChessBase"]
[SourceQuality "1"]
[TimeControl "40/5400+30:1800+30"]

1. e4 c5 2. Nf3 Nc6 3. d4 cxd4 4. Nxd4 e5 5. Nb5 d6 6. N1c3 a6 7. Na3 b5 8. Nd5 Nge7 9. Be2 {[%emt 0:15:07] B32: Sicilian: Löwenthal and Kalashnikov Variations} (9. c4 Nxd5 10. cxd5 Nd4 11. Bd3 g6 12. O-O Bg7 13. Be3 O-O 14. Bxd4 exd4 15. Nc2 Bd7 16. Qd2 Rc8 17. Ne1 {0-1 (59) Korneev,O (2557)-Naiditsch,A (2702) Heraklio 2017}) 9... Nxd5 10. exd5 Nd4 11. Be3 Nf5 12. O-O Nxe3 13. fxe3 {[%emt 0:00:13] [#]} Qb6 $146 ({Predecessor:} 13... Be7 14. c3 O-O 15. e4 f5 16. exf5 Bxf5 17. Nc2 Qb6+ 18. Kh1 {0-1 (58) Aaron,D (2321)-Belous,V (2567) Philadelphia 2017}) 14. Qd3 g6 15. Kh1 Bg7 16. c4 b4 17. Nc2 O-O 18. Qb3 Rb8 19. Rab1 Bd7 20. Bd3 a5 21. a3 bxa3 22. Qxa3 a4 23. e4 Rb7 24. Qc3 f5 25. Na3 fxe4 26. Rxf8+ Bxf8 27. Bxe4 Qf2 28. Qc2 Qxc2 29. Bxc2 Kg7 30. b4 axb3 31. Rxb3 Rxb3 32. Bxb3 Kf6 33. Kg1 e4 34. Kf2 Ke5 35. Nb5 Bh6 36. h3 Bg5 37. Ke2 h5 38. Ba2 Bh6 39. Bb1 h4 40. Nc3 Bf5 41. Nb5 g5 42. Ke1 g4 43. hxg4 Bxg4 44. Nxd6 $2 (44. Nc7 {is more resistant.}) 44... Kxd6 45. Bxe4 Ke5 46. Bd3 Bf8 47. Be2 Bf5 48. Kf2 Kf4 49. Kg1 Kg3 50. d6 Bxd6 51. Bf3 Bd3 52. Bd5 $19 Bc5+ 53. Kh1 Bf1 54. Bc6 Bxc4 55. Bb7 Kf2 56. Bc6 Ba6 57. Bd5 Kg3 58. Bc6 Kf4 59. Bd5 Ke5 60. Bc6 Bd3 61. Bf3 Kf4 62. Bc6 Ke5 1/2-1/2

[Event "EYTCC Open U12 2018"]
[Site "Bad Blankeburg"]
[Date "2018.07.16"]
[Round "7"]
[White "Nitsche, Nikolai"]
[Black "Pasti, Aron"]
[Result "0-1"]
[ECO "C54"]
[WhiteElo "1726"]
[BlackElo "2069"]
[Annotator "NA"]
[PlyCount "86"]
[EventDate "2018.07.12"]
[EventType "swiss"]
[EventCountry "GER"]
[SourceTitle "playchess.com"]
[Source "ChessBase"]
[SourceQuality "1"]
[TimeControl "40/5400+30:1800+30"]

1. e4 e5 2. Nf3 Nc6 3. Bc4 Bc5 4. c3 Nf6 5. d4 exd4 6. e5 d5 7. Be2 {[%emt 0:00:35] C54: Giuoco Piano: 4 c3 Nf6, main lines with 5 d4 and 5 d3} Ne4 8. cxd4 Bb6 9. O-O O-O 10. Nc3 Be6 11. Be3 f6 12. exf6 Qxf6 13. Rc1 Rad8 {[%emt 0:11:24] [#]} 14. Na4 $146 ({Predecessor:} 14. h3 h6 {0-1 (33) Jones,G (2661)-Caruana,F (2839) London 2014}) 14... h6 15. Nxb6 axb6 16. a3 Nd6 17. b3 Bf7 18. Qd2 Rfe8 19. Bd3 Bh5 20. Ne5 Nxe5 21. dxe5 Qxe5 22. Bd4 Qe7 23. b4 Ne4 24. Qc2 Rc8 25. Rfe1 Qg5 26. Bxe4 dxe4 27. Be3 Qg6 28. f4 Bg4 29. Qb3+ Be6 30. Qc2 Kh7 31. Red1 Bf5 32. a4 c5 33. Qb2 c4 34. Rd4 Qe6 35. Qe2 c3 36. Qc2 Red8 37. Rxd8 Rxd8 38. Qxc3 Rd3 39. Qe1 Qb3 40. Bxb6 {[%emt 0:00:34] [#]} e3 $19 41. a5 Be4 42. Rb1 Qc2 43. Qf1 Rd2 0-1

[Event "EYTCC Open U12 2018"]
[Site "Bad Blankeburg"]
[Date "2018.07.17"]
[Round "8"]
[White "Lazavik, Denis"]
[Black "Gokcek, Kursat Bugra"]
[Result "1-0"]
[ECO "E62"]
[WhiteElo "2111"]
[BlackElo "1974"]
[Annotator "NA"]
[PlyCount "80"]
[EventDate "2018.07.12"]
[EventType "swiss"]
[EventCountry "GER"]
[SourceTitle "playchess.com"]
[Source "ChessBase"]
[SourceQuality "1"]
[WhiteTeam "Belarus"]
[WhiteTeamCountry "BLR"]
[TimeControl "40/5400+30:1800+30"]

1. d4 Nf6 2. c4 g6 3. g3 Bg7 4. Bg2 O-O 5. Nc3 d6 6. Nf3 c6 7. O-O Bf5 8. Ne1 Be6 9. b3 d5 10. cxd5 Nxd5 11. Bb2 Nxc3 12. Bxc3 {LiveBook: 9 Games} Na6 13. e3 Qd7 14. Qe2 Bh3 15. Rc1 Bxg2 16. Nxg2 Nc7 $11 17. Rfd1 e6 18. Bb2 Rfd8 19. Nf4 Nd5 20. Nd3 Qe8 21. Nc5 Rab8 22. Qc4 Nb6 23. Qc2 Nd7 24. b4 Nxc5 25. dxc5 Bxb2 26. Qxb2 Rxd1+ 27. Rxd1 Rd8 28. Rd6 Rxd6 29. cxd6 e5 30. Qa3 Qd7 31. b5 b6 32. bxc6 Qxc6 33. Qd3 Qd7 34. Qd5 Qe8 35. Qb7 Kf8 36. Qc7 Qa4 37. d7 Qd1+ 38. Kg2 Qd5+ 39. Kh3 Qe6+ 40. g4 h5 1-0

[Event "EYTCC Open U12 2018"]
[Site "Bad Blankeburg"]
[Date "2018.07.17"]
[Round "8"]
[White "Sokolovsky, Yahli"]
[Black "Bui, Bao Anh Le"]
[Result "1/2-1/2"]
[ECO "B90"]
[WhiteElo "2106"]
[BlackElo "1883"]
[Annotator "NA"]
[PlyCount "70"]
[EventDate "2018.07.12"]
[EventType "swiss"]
[EventCountry "GER"]
[SourceTitle "playchess.com"]
[Source "ChessBase"]
[SourceQuality "1"]
[TimeControl "40/5400+30:1800+30"]

1. e4 c5 2. Nf3 d6 3. d4 cxd4 4. Nxd4 Nf6 5. Nc3 a6 6. Be3 e5 7. Nb3 Be6 8. Qd2 Be7 9. f3 Nbd7 10. g4 b5 11. O-O-O Nb6 12. g5 Nh5 {[%emt 0:06:13] B90: Sicilian Najdorf: Unusual White 6th moves, 6 Be3 Ng4 and 6 Be3 e5} 13. Nd5 Bxd5 14. exd5 Rc8 15. Bxb6 (15. Na5 Nxd5 16. Qxd5 Qxa5 17. Kb1 O-O 18. c4 Nf4 19. Bxf4 exf4 20. h4 {½-½ (47) Kryvoruchko,Y (2693)-Van Wely,L (2674) Monzon 2016}) 15... Qxb6 16. Na5 Nf4 17. h4 Rc5 18. Qe1 $146 ({Predecessor:} 18. c4 bxc4 19. Nxc4 {0-1 (41) Dovzaltz-Blees,A (2389) Dos Hermanas 2004}) 18... Rxd5 19. Rxd5 Nxd5 20. Qe4 Qxa5 21. Qxd5 Qe1+ 22. Qd1 Qxd1+ 23. Kxd1 Kd7 24. c4 $17 Kc6 25. Rg1 Rd8 26. Kc2 Kb6 27. b3 d5 28. cxd5 Rxd5 29. Bd3 Rd4 30. Rg4 Rxg4 31. fxg4 g6 32. Be4 Kc5 33. Kd3 Bd8 34. Bb7 a5 35. Ke4 Kd6 1/2-1/2

[Event "EYTCC Open U12 2018"]
[Site "Bad Blankeburg"]
[Date "2018.07.17"]
[Round "8"]
[White "Strybuk, Artsiom I"]
[Black "Caliskan, Seha"]
[Result "1-0"]
[ECO "C09"]
[WhiteElo "2079"]
[BlackElo "1874"]
[Annotator "NA"]
[PlyCount "52"]
[EventDate "2018.07.12"]
[EventType "swiss"]
[EventCountry "GER"]
[SourceTitle "playchess.com"]
[Source "ChessBase"]
[SourceQuality "1"]
[TimeControl "40/5400+30:1800+30"]

1. e4 e6 2. d4 d5 3. Nd2 c5 4. exd5 exd5 5. Ngf3 Nc6 6. Bb5 cxd4 7. O-O Bd6 8. Re1+ Nge7 9. Nxd4 O-O 10. N2f3 Bg4 {[%emt 0:00:29] C09: Französische Verteidigung (Tarrasch-Variante)} 11. Be3 (11. Be2 Qb6 12. Be3 Qxb2 13. Rb1 Qxa2 14. Ra1 Qb2 15. Rb1 Qc3 16. Nb5 Qf6 17. Nxd6 Qxd6 18. Rxb7 Nf5 19. Bc1 {1-0 (55) Druska,J (2430)-Szelag,M (2466) Poland 2017}) 11... Qc7 12. h3 Bh5 13. c3 a6 $146 ({Vorgänger:} 13... Rad8 14. Qb3 Bg6 15. Qd1 a6 16. Bd3 Bxd3 17. Qxd3 h6 18. Rad1 Rfe8 {1-0 (30) Konecny,S (1672)-Berger,L (1579) St Veit 2016}) 14. Bd3 Ne5 15. Bxh7+ Kxh7 16. Ng5+ Kg6 17. g4 Bxg4 18. hxg4 Qd7 19. Qc2+ $18 f5 20. f3 Nc4 21. Bc1 Rf6 22. Re6 Rxe6 23. gxf5+ Kf6 24. fxe6 Bh2+ 25. Kh1 Qe8 26. Nh7+ Ke5 1-0

[Event "EYTCC Open U12 2018"]
[Site "Bad Blankeburg"]
[Date "2018.07.17"]
[Round "8"]
[White "Levin, Guy"]
[Black "Eilenberg, Jonas"]
[Result "1-0"]
[ECO "C03"]
[WhiteElo "2008"]
[BlackElo "1910"]
[Annotator "NA"]
[PlyCount "63"]
[EventDate "2018.07.12"]
[EventType "swiss"]
[EventCountry "GER"]
[SourceTitle "playchess.com"]
[Source "ChessBase"]
[SourceQuality "1"]
[TimeControl "40/5400+30:1800+30"]

1. e4 e6 2. d4 d5 3. Nd2 Be7 4. Bd3 Nf6 5. Ne2 c5 6. e5 Nfd7 7. c3 Nc6 8. O-O {[%emt 0:03:44] C06: Französische Verteidigung (Tarrasch-Variante)} (8. Nf3 a5 9. O-O cxd4 10. cxd4 Nb6 11. Nc3 Bd7 12. a4 Nb4 13. Be2 Nc8 14. Be3 Na7 15. Nd2 O-O 16. f4 f5 17. exf6 Bxf6 18. Nf3 Nac6 {1-0 (47) Naiditsch,A (2704)-Bischoff,K (2519) Germany 2012}) 8... b6 9. f4 cxd4 10. Nxd4 Qc7 11. N2b3 $146 ({Vorgänger:} 11. N2f3 Nc5 12. Nb5 Qd7 13. Bc2 Ba6 14. a4 Rd8 15. Be3 Na5 {1-0 (26) Zagorsek,D (1945)-Jurman,R (2186) Pula 2016}) 11... Nc5 12. Bb5 Bd7 13. Bxc6 Bxc6 14. f5 exf5 ({Black should try} 14... Bd7 $14) 15. Nxc6 Qxc6 16. Nd4 Qb7 17. Nxf5 O-O-O 18. a4 Ne4 19. a5 Bc5+ 20. Nd4 Rhe8 21. b4 Bxd4+ $18 (21... Nxc3 $16 {war einen Versuch wert.} 22. Qg4+ Qd7 23. Qxd7+ Rxd7 24. bxc5 bxc5) 22. Qxd4 f6 23. axb6 Qxb6 24. Rxa7 Qxd4+ 25. cxd4 fxe5 26. dxe5 d4 27. Re1 Nc3 28. Bd2 Rd5 29. e6 Kb8 30. Rxg7 Nb5 31. Bf4+ Kc8 32. Ra1 1-0

[Event "EYTCC Open U12 2018"]
[Site "Bad Blankeburg"]
[Date "2018.07.17"]
[Round "8"]
[White "Schubert, Nikita"]
[Black "Aizenberg, Benny"]
[Result "0-1"]
[ECO "A58"]
[WhiteElo "1984"]
[BlackElo "1941"]
[Annotator "NA"]
[PlyCount "62"]
[EventDate "2018.07.12"]
[EventType "swiss"]
[EventCountry "GER"]
[SourceTitle "playchess.com"]
[Source "ChessBase"]
[SourceQuality "1"]
[TimeControl "40/5400+30:1800+30"]

1. d4 Nf6 2. c4 c5 3. d5 b5 4. cxb5 a6 5. bxa6 g6 6. Nc3 {[%emt 0:01:40] A58: Benko/Volga Gambit: Lines with 5 bxa6} Bg7 7. e4 (7. Nf3 O-O 8. g3 d6 9. Bg2 Nxa6 10. O-O Bf5 11. Nh4 Bd7 12. b3 Qb6 13. Bd2 Rfb8 14. Re1 Nc7 15. Qc2 Ra3 16. Qc1 Qa7 17. e4 Ng4 18. h3 {0-1 (38) Li,C (2732)-Shankland,S (2671) Liaocheng 2018}) 7... O-O 8. Nf3 Qa5 9. Nd2 Bxa6 10. Be2 Bxe2 11. Qxe2 Qa6 12. O-O $146 ({Predecessor:} 12. Nc4 e6 13. O-O exd5 14. exd5 {1-0 (41) Naumann,A (2545)-Koop,T (2418) Austria 2016}) 12... Qxe2 13. Nxe2 e6 14. dxe6 fxe6 15. Nc3 d5 16. f3 Nc6 17. exd5 exd5 18. Nb3 c4 19. Nc5 d4 20. N3e4 Nxe4 21. Nxe4 d3 22. Nc3 Rab8 23. a3 $19 Nd4 24. Ra2 Rfe8 25. g3 Ne2+ 26. Nxe2 Rxe2 27. a4 d2 28. Bxd2 Rxd2 29. Rc1 c3 30. a5 cxb2 31. Rb1 Rc8 0-1

[Event "EYTCC Open U12 2018"]
[Site "Bad Blankeburg"]
[Date "2018.07.17"]
[Round "8"]
[White "Laux, Dominik"]
[Black "Mizrahi, Ido"]
[Result "1/2-1/2"]
[ECO "D11"]
[WhiteElo "1943"]
[BlackElo "1914"]
[Annotator "NA"]
[PlyCount "65"]
[EventDate "2018.07.12"]
[EventType "swiss"]
[EventCountry "GER"]
[SourceTitle "playchess.com"]
[Source "ChessBase"]
[SourceQuality "1"]
[TimeControl "40/5400+30:1800+30"]

1. d4 d5 2. c4 c6 3. Nf3 Nf6 4. e3 Bg4 5. h3 Bh5 6. g4 Bg6 7. Ne5 e6 8. Nd2 Nbd7 9. Nxg6 hxg6 10. Bg2 g5 11. e4 dxe4 12. Nxe4 Nxe4 13. Bxe4 Be7 14. Be3 Qa5+ 15. Bd2 Qb6 $11 16. Bc3 Nf6 17. Bg2 O-O-O 18. Qa4 Kb8 19. b4 Qc7 20. Rb1 Qf4 21. Qc2 Rh4 22. Qe2 Qc7 23. b5 c5 24. dxc5 Bxc5 25. Qf3 Bd4 26. Bd2 Rhh8 27. Bxg5 Rd7 28. Qe2 Bc3+ 29. Kf1 Rhd8 30. Be3 Bd4 31. Bf3 Bxe3 32. Qxe3 Qxc4+ 33. Kg2 1/2-1/2

[Event "EYTCC Open U12 2018"]
[Site "Bad Blankeburg"]
[Date "2018.07.17"]
[Round "8"]
[White "Ozkan, Taha"]
[Black "Spizharny, Mikhail"]
[Result "1/2-1/2"]
[ECO "D18"]
[WhiteElo "1891"]
[BlackElo "2015"]
[Annotator "NA"]
[PlyCount "92"]
[EventDate "2018.07.12"]
[EventType "swiss"]
[EventCountry "GER"]
[SourceTitle "playchess.com"]
[Source "ChessBase"]
[SourceQuality "1"]
[TimeControl "40/5400+30:1800+30"]

1. d4 Nf6 2. c4 c6 3. Nf3 d5 4. Nc3 dxc4 5. a4 Bf5 6. e3 Nbd7 7. Bxc4 e6 8. O-O Be7 9. Qe2 h6 10. e4 Bh7 11. d5 exd5 12. exd5 O-O 13. dxc6 bxc6 14. Rd1 Bc5 15. Ne5 Qc7 16. Nxd7 $11 Nxd7 17. Bxh6 Ne5 18. Bf4 Rfe8 19. Re1 Bd6 20. Rad1 Nf3+ 21. Qxf3 Bxf4 22. g3 Be5 23. b3 Rab8 24. Ne4 Re7 25. Ng5 Bg6 26. Qg4 Bf6 27. Rxe7 Qxe7 28. Nf3 Qe4 29. Qxe4 Bxe4 30. Ne1 Bd5 31. Bxd5 cxd5 32. Rd3 Kf8 33. Ng2 d4 34. Nf4 g6 35. Nd5 Bg7 36. Nc7 Ke7 37. Nb5 a6 38. Nxd4 Bxd4 39. Rxd4 Rxb3 40. Kg2 Ra3 41. g4 Ke6 42. h4 Ke5 43. Rb4 f5 44. g5 {[%emt 0:01:58] Kf4 [%clk 0:29:20] Rb6 [%clk 0:18:58] Kg4 [%clk 0:28:21] Rxa6 [%clk 0:19:04] Kxh4 [%clk 0:28:21] Rxg6 [%clk 0:18:45]} Rxa4 45. Kf3 {[%emt 0:00:00] Rg4 [%clk 0:25:55] Rg7 [%clk 0:14:24] Rxg5 [%clk 0:24:10] Rf7 [%clk 0:14:11] Kh5 [%clk 0:22:17] Kf4 [%clk 0:14:22] Rg2 [%clk 0:20:32] f3 [%clk 0:13:07] Kg6 [%clk 0:19:54] Rxf5 [%clk 0:13:09]} Ra2 {[%emt 0:00:00] Re5 [%clk 0:13:16]} 46. Ra4 {[%emt 0:00:00] Re4 [%clk 0:13:35]} Ra3+ {[%emt 0:00:00] Rb4 [%clk 0:13:34] Kf6 [%clk 0:18:45] Kg4 [%clk 0:13:19] Ra1 [%clk 0:18:33] Rb6+ [%clk 0:13:33] Kf7 [%clk 0:18:41] f4 [%clk 0:13:41] Ra5 [%clk 0:18:33] Rb4 [%clk 0:12:36] Kf6 [%clk 0:18:28] Rb8 [%clk 0:12:29] Kg6 [%clk 0:18:18] Rg8+ [%clk 0:12:26] Kf7 [%clk 0:18:20] Rb8 [%clk 0:12:20] Kf6 [%clk 0:18:39] Rf8+ [%clk 0:12:15] Kg7 [%clk 0:18:50] Rc8 [%clk 0:11:59] Kf6 [%clk 0:19:04] Rc6+ [%clk 0:11:50] Kf7 [%clk 0:19:16] Kf3 [%clk 0:11:45] Ra4 [%clk 0:19:02] Rc5 [%clk 0:10:16] Kf6 [%clk 0:18:59] Kg4 [%clk 0:09:32] Rb4 [%clk 0:18:48] Rc6+ [%clk 0:09:37] Kf7 [%clk 0:18:59] Kg5 [%clk 0:09:21] Rb1 [%clk 0:17:12] Ra6 [%clk 0:06:28] Rc1 [%clk 0:16:29] Ra7+ [%clk 0:05:53] Kf8 [%clk 0:16:14] f5 [%clk 0:06:11] Rc6 [%clk 0:16:14] Ra8+ [%clk 0:05:56] Kf7 [%clk 0:16:11]} 1/2-1/2

[Event "EYTCC Open U12 2018"]
[Site "Bad Blankeburg"]
[Date "2018.07.17"]
[Round "8"]
[White "Kabadayi, Suleyman Arda"]
[Black "Klachkou, Platon"]
[Result "0-1"]
[ECO "B07"]
[WhiteElo "1650"]
[BlackElo "1576"]
[Annotator "NA"]
[PlyCount "184"]
[EventDate "2018.07.12"]
[EventType "swiss"]
[EventCountry "GER"]
[SourceTitle "playchess.com"]
[Source "ChessBase"]
[SourceQuality "1"]
[TimeControl "40/5400+30:1800+30"]

1. e4 d6 2. d4 Nf6 3. Nc3 g6 4. g3 Bg7 5. Bg2 O-O 6. Nge2 Nbd7 7. O-O e5 8. h3 a6 9. a4 Rb8 10. Qd3 Re8 11. Be3 Qe7 12. f4 h6 13. Rae1 c6 14. g4 Nh7 15. Ng3 b5 16. b3 b4 17. Nce2 c5 18. d5 Rf8 19. Qd2 c4 20. fxe5 Nxe5 21. Bxh6 Bxh6 22. Qxh6 cxb3 23. cxb3 Qa7+ 24. Kh2 Bxg4 25. Qh4 Bxe2 26. Nxe2 Rbe8 27. Qg3 Rc8 28. Rc1 Qe7 29. Nd4 Qg5 30. Nc6 Rce8 31. Qxg5 Nxg5 32. h4 Nh7 33. Nxb4 g5 34. hxg5 Nxg5 35. Nxa6 Ng4+ 36. Kg3 Ne3 37. Rfe1 Nxg2 38. Kxg2 Kg7 39. Rc3 Re5 40. b4 Nxe4 41. Rce3 Rg5+ 42. Kf3 Nd2+ 43. Kf4 Rxd5 44. Rg3+ Kf6 45. Nc7 Rf5+ 46. Kg4 Rh8 47. a5 Rg5+ 48. Kf4 Rh4+ 49. Ke3 Rxg3+ 50. Kxd2 Rd4+ 51. Ke2 Kf5 52. b5 Ra3 53. a6 Ra2+ 54. Kf3 Rf4+ 55. Kg3 Rg4+ 56. Kf3 Rag2 57. Ke3 R4g3+ 58. Kd4 Rd2+ 59. Kc4 Rc2+ 60. Kb4 Rxc7 61. b6 Rg4+ 62. Kb3 Rc6 63. b7 Rb6+ 64. Kc3 Ra4 65. Re8 Raxa6 66. b8=Q Rxb8 67. Rxb8 Ke5 68. Kd3 Ra3+ 69. Kd2 d5 70. Rf8 f5 71. Re8+ Kd4 72. Rf8 Ra2+ 73. Ke1 f4 74. Kf1 Ke3 75. Re8+ Kf3 76. Kg1 d4 77. Rd8 Rd2 78. Rh8 Rd1+ 79. Kh2 Kf2 80. Rh4 Ke3 81. Rh8 d3 82. Re8+ Kf2 83. Rh8 d2 84. Rd8 f3 85. Rd3 Ke2 86. Rd8 f2 87. Re8+ Kd3 88. Rd8+ Ke4 89. Re8+ Kd5 90. Rd8+ Kc6 91. Rf8 f1=Q 92. Rf3 Qe2+ 0-1

[Event "EYTCC Open U12 2018"]
[Site "Bad Blankeburg"]
[Date "2018.07.18"]
[Round "9"]
[White "Wagner, Leopold Franziskus"]
[Black "Maurizzi, Marc Andria"]
[Result "0-1"]
[ECO "A05"]
[WhiteElo "2108"]
[BlackElo "2155"]
[Annotator "NA"]
[PlyCount "102"]
[EventDate "2018.07.12"]
[EventType "swiss"]
[EventCountry "GER"]
[SourceTitle "playchess.com"]
[Source "ChessBase"]
[SourceQuality "1"]
[WhiteTeam "Germany"]
[BlackTeam "France"]
[WhiteTeamCountry "GER"]
[BlackTeamCountry "FRA"]
[TimeControl "40/5400+30:1800+30"]

1. Nf3 Nf6 2. c4 b6 3. Nc3 Bb7 4. d4 e6 5. Qc2 c5 6. e4 cxd4 {[%emt 0:00:23] E12: Queen's Indian: Unusual White 4th moves, 4 a3, 4 Nc3 Bb7 5 a3 and 4 Nc3 Bb7} 7. Nxd4 d6 (7... Bb4 8. f3 O-O 9. Bg5 Qc7 10. a3 Be7 11. Rd1 a6 12. Be2 d6 13. O-O Nbd7 14. Be3 Rac8 15. Rc1 Rfe8 {0-1 (46) Jakovenko,D (2713)-Vallejo Pons,F (2706) Khanty-Mansiysk 2013}) 8. Be2 Be7 9. Be3 O-O 10. O-O Nbd7 11. f4 a6 12. Bf3 Qc7 13. Rac1 Rac8 14. b3 Rfe8 $146 ({Predecessor:} 14... Qb8 15. Qb1 Rfe8 16. f5 Bd8 17. fxe6 fxe6 {0-1 (29) Karayaylali,P (1593)-Yaremko,N (2324) Acri 2006}) 15. Rfd1 Bf8 16. Qb1 Qb8 17. Nde2 Qa8 18. g4 d5 19. Ng3 Nc5 20. e5 d4 21. Bxb7 Qxb7 22. Bxd4 Nxg4 23. Nce4 Red8 24. Bxc5 bxc5 25. Ng5 g6 26. Qe4 Qxe4 27. N3xe4 h6 28. Nf3 Ne3 29. Rxd8 Rxd8 30. Kf2 Nf5 31. Ke2 Be7 32. Rd1 Rxd1 33. Kxd1 Ne3+ 34. Kd2 Ng2 35. Ne1 Nxf4 36. Ke3 g5 37. Nd3 Nxd3 38. Kxd3 Kf8 39. b4 cxb4 40. c5 Ke8 41. Kc4 Kd7 42. Kxb4 Kc6 43. Kc4 h5 44. Kd4 g4 45. Nd6 f6 46. exf6 Bxf6+ (46... Bxd6 $142 47. cxd6 Kxd6) 47. Kc4 Be5 48. Nc8 $19 h4 49. Ne7+ Kc7 50. Ng6 g3 51. hxg3 h3 {[%emt 0:00:00] Kd4} 0-1

[Event "EYTCC Open U12 2018"]
[Site "Bad Blankeburg"]
[Date "2018.07.18"]
[Round "9"]
[White "Droin, Augustin"]
[Black "Hommer, Jeremy"]
[Result "0-1"]
[ECO "B11"]
[WhiteElo "2095"]
[BlackElo "1926"]
[Annotator "NA"]
[PlyCount "64"]
[EventDate "2018.07.12"]
[EventType "swiss"]
[EventCountry "GER"]
[SourceTitle "playchess.com"]
[Source "ChessBase"]
[SourceQuality "1"]
[WhiteTeam "France"]
[BlackTeam "Germany"]
[WhiteTeamCountry "FRA"]
[BlackTeamCountry "GER"]
[TimeControl "40/5400+30:1800+30"]

1. e4 c6 2. Nc3 d5 3. Nf3 Bg4 4. h3 Bxf3 5. Qxf3 e6 6. Be2 Nd7 {[%emt 0:01:11] B11: Caro-Kann (Zweispringer-Variante)} (6... Bc5 7. O-O Ne7 8. Na4 Bd6 9. d4 dxe4 10. Qxe4 Nd7 11. Rd1 O-O 12. Qf3 Qa5 13. Nc3 Nf6 14. Ne4 Nxe4 15. Qxe4 {1-0 (57) Vachier Lagrave,M (2783)-Mamedyarov,S (2784) Paris 2017 CBM 179 [Yermolinsky,A]}) 7. Qg3 g6 8. O-O Bg7 9. d3 Ne7 10. Kh1 O-O {[%emt 0:03:15] LiveBook: 3 Games} 11. Bd2 $146 ({Vorgänger:} 11. a4 Rc8 12. a5 a6 13. Bg5 h6 {½-½ (40) Sahl,B (2355)-Hole,O (2367) Norway 2012}) 11... a5 12. f4 a4 13. a3 Qb8 14. h4 Rd8 (14... h5 $11) 15. h5 b5 16. Be1 c5 17. f5 Qxg3 18. Bxg3 b4 19. axb4 a3 20. Bh4 axb2 21. Rxa8 Rxa8 22. f6 $2 {[%emt 0:01:00] [#]} (22. Nb1 $17 {was worth a try.} Bf6 23. Bxf6 Nxf6 24. fxg6) 22... Bh8 $2 (22... Bxf6 $1 $19 23. Bxf6 (23. Rxf6 Nxf6) 23... Nxf6 24. Rxf6 cxb4) 23. fxe7 Bxc3 24. exd5 exd5 25. bxc5 Nf6 26. Bxf6 Bxf6 27. Rb1 Re8 28. Bf3 Rxe7 $19 29. c6 Ra7 30. g3 Be5 31. c7 Rxc7 32. Bd1 Bc3 0-1

[Event "EYTCC Open U12 2018"]
[Site "Bad Blankeburg"]
[Date "2018.07.18"]
[Round "9"]
[White "Razafindratsima, Timothe"]
[Black "Sosa Costa, Leonardo"]
[Result "1/2-1/2"]
[ECO "B52"]
[WhiteElo "1975"]
[BlackElo "1945"]
[Annotator "NA"]
[PlyCount "93"]
[EventDate "2018.07.12"]
[EventType "swiss"]
[EventCountry "GER"]
[SourceTitle "playchess.com"]
[Source "ChessBase"]
[SourceQuality "1"]
[WhiteTeam "France"]
[BlackTeam "Uruguay"]
[WhiteTeamCountry "FRA"]
[BlackTeamCountry "URU"]
[TimeControl "40/5400+30:1800+30"]

1. e4 c5 2. Nf3 d6 3. Bb5+ Bd7 4. Bxd7+ Qxd7 5. O-O Nf6 6. Qe2 Nc6 7. Rd1 g6 8. c3 Bg7 9. d4 cxd4 10. cxd4 O-O 11. Nc3 e6 {[%emt 0:10:57] B52: Sicilian: Moscow Variation with 3...Bd7} (11... Rac8 12. h3 h6 13. Bf4 g5 14. Bh2 g4 15. Nh4 gxh3 16. Nf5 d5 17. Nxd5 Nxe4 18. Qg4 Ng5 19. Nxh6+ Bxh6 20. Qxd7 {1-0 (20) Mamedov,R (2709)-Abdyjapar,A (2382) Riadh 2017}) 12. Bg5 h6 13. Bd2 $146 ({Predecessor:} 13. Bh4 Rfe8 14. Qd2 g5 15. Bg3 d5 16. e5 Ne4 17. Qe3 Nxc3 18. Qxc3 Rac8 19. Qd2 {1-0 (42) Mokshanov,A (2372)-Tantsiura,M (2138) St Petersburg 2011}) 13... Qe7 14. Rac1 Rfd8 15. h3 a6 16. Re1 Rac8 17. b3 Re8 18. Be3 b5 19. a3 Qb7 20. Nd2 e5 21. d5 Nd4 22. Qd3 Nd7 23. b4 Nb6 24. Bxd4 exd4 25. Ne2 Qa7 26. Nxd4 Nxd5 27. Nc6 Nf4 28. Qxd6 Be5 29. Ne7+ Kh7 30. Nxc8 Rxc8 31. Qxe5 Rxc1 32. Rxc1 Nd3 33. Qc7 Qxf2+ 34. Kh1 Ne1 35. Qh2 Qxd2 36. Rc7 Kg8 37. Qg1 Nd3 38. Rc8+ Kh7 39. Kh2 $2 (39. Qa1 $18 Nb2 40. Ra8) 39... Qf4+ 40. g3 Qxe4 41. Qg2 Qe6 42. Rc6 Qf5 43. Rc3 Ne5 44. Re3 h5 45. Kg1 $14 Qd7 46. Qe2 f6 47. Kh2 1/2-1/2